AoeStats
← Charlie Brown

Enclosed

505417544Analyzed
1v1 RM · 22d ago on Sep 9, 2026· 82m 8s· 2 players
Game mode
Random Map
Map size
Tiny (2 player)
Population
200
Speed
Normal
Resources
Standard
Victory
Conquest
Starting age
Dark Age
Ending age
Imperial Age
RankedLock teamsTeams togetherTeam positionsShared explorationLock speedFull tech treeHidden civsTurbo modeCheats
Victory
Defeat
🇬🇧 Slavs · United Kingdom
475
+10
🇮🇹 Britons · Italy
339
-10
lazluca
2:27 Loom
11:26 Feudal Age
12:53 Wheelbarrow
21:14 Castle Age
19:53 Double-Bit Axe
33:59 Imperial Age
33:20 Fletching
34:24 Bodkin Arrow
34:32 Padded Archer Armor
38:58 Leather Archer Armor
38:46 Bracer
44:43 Leather Archer Armor
47:47 Chemistry
53:42 Ballistics
55:03 Elite Longbowman
58:14 Ring Archer Armor
59:53 Heated Shot
Charlie Brown
11:15 Feudal Age
11:54 Double-Bit Axe
11:52 Horse Collar
13:43 Wheelbarrow
13:34 Gold Mining
18:40 Town Watch
21:17 Castle Age
19:31 Stone Mining
22:29 Bow Saw
22:58 Gold Shaft Mining
22:26 Heavy Plow
23:24 Hand Cart
23:16 Town Patrol
29:32 Husbandry
29:43 Bloodlines
29:41 Detinets
36:38 Imperial Age
33:54 Loom
38:13 Crop Rotation
39:06 Two-Man Saw
38:42 Conscription
38:29 Squires
37:50 Pikeman
37:51 Man-at-Arms
39:42 Elite Skirmisher
51:51 Elite Boyar
55:30 Druzhina
56:10 Hoardings
64:00 Chemistry
62:56 Murder Holes
63:11 Masonry
75:06 Forging
75:04 Scale Barding Armor
74:52 Fletching
75:04 Padded Archer Armor
76:32 Leather Archer Armor
76:14 Bodkin Arrow
76:56 Iron Casting
80:43 Ring Archer Armor
81:16 Blast Furnace
80:39 Chain Barding Armor
Connection lost

Rejoining the realm…

Still unreachable

The connection could not be restored.

Session expired

The server has moved on; the page needs a fresh start.